 Dungeon Sprint DCSS version 0.29-a0-337-g68df138881 (webtiles) character file.

Game seed: 4305238313064217006

21891 mhtbhm the Shatterer (level 12, -2/93 HPs)
             Began as a Gargoyle Berserker on Apr 16, 2022.
             Was the Champion of Trog.
             Killed from afar by a frost giant (8 damage)
             ... with a bolt of cold
             ... in the Dungeon (Sprint IX: "|||||||||||||||||||||||||||||").
             The game lasted 00:05:43 (3350 turns).

mhtbhm the Shatterer (Gargoyle Berserker)           Turns: 3350, Time: 00:05:44

Health: -2/93      AC: 39    Str: 40    XL:     12   Next: 94%
Magic:  12/12      EV: 12    Int: 12    God:    Trog [******]
Gold:   95         SH:  5    Dex: 15    Spells: 11/11 levels left

rFire   . . .      SeeInvis .   a - +11 dire flail "Viuply" {flame, Str+2}
rCold   x . .      Faith    .   (shield currently unavailable)
rNeg    + . .      Spirit   .   b - +5 plate armour "Cypsy" {Harm rC- Str+6}
rPois   ∞          Reflect  +   l - +0 helmet
rElec   +          Harm     +   v - +0 cloak "Iprakan" {Int+4 Dex+6}
rCorr   .          Rampage  .   k - +0 pair of gloves
Will    .....      NoTele   +   u - +1 pair of boots
Stlth   ..........              i - amulet of reflection
HPRegen 0.25/turn               I - +4 ring of slaying
MPRegen 0.13/turn               F - +6 ring of strength

@: on berserk cooldown, slowed, very slow
A: sickness immunity, AC +8, negative energy resistance 1, electricity
resistance, torment resistance 1, petrification resistance
a: Renounce Religion, Berserk, Trog's Hand, Brothers in Arms


You were in the Dungeon.
You worshipped Trog.
Trog was exalted by your worship.
You visited 1 branch You collected 1928 gold pieces.
You spent 1833 gold pieces at shops.

Inventory:

Hand Weapons
 a - the +11 dire flail "Viuply" (weapon) {flame, Str+2}
   (Trog gifted it to you in the Dungeon)

   It burns those it strikes, dealing additional fire damage.
   Str:       It affects your strength (+2).
 s - a +4 vorpal morningstar
Missiles
 x - 2 curare-tipped darts (quivered)
 y - a throwing net
Armour
 b - the +5 plate armour "Cypsy" (worn) {Harm rC- Str+6}
   (You found it in the Dungeon)

   Str:       It affects your strength (+6).
   rC:        It makes you vulnerable to cold.
   Harm:      It increases damage dealt and taken.
 k - a +0 pair of gloves (worn)
 l - a +0 helmet (worn)
 u - a +1 pair of boots (worn)
 v - the +0 cloak "Iprakan" (worn) {Int+4 Dex+6}
   (You found it in the Dungeon)

   Int:       It affects your intelligence (+4).
   Dex:       It affects your dexterity (+6).
Jewellery
 i - an amulet of reflection (around neck)
 m - a +2 ring of evasion
 n - a ring of protection from cold
 F - a +6 ring of strength (right hand)
 G - a ring of protection from cold
 I - a +4 ring of slaying (left hand)
Wands
 j - a wand of iceblast (7)
 w - a wand of charming (6)
Scrolls
 h - 3 scrolls of blinking
 p - 2 scrolls of identify
 q - 4 scrolls of enchant armour
 r - 3 scrolls of silence
 t - 4 scrolls of enchant weapon
 A - 3 scrolls of fear
 B - 2 scrolls of immolation
 E - a scroll of torment
Potions
 c - 7 potions of curing
 d - 2 potions of heal wounds
 e - 3 potions of haste
 f - 4 potions of magic
 g - 5 potions of berserk rage
 o - 3 potions of might
 D - 3 potions of mutation


   Skills:
 + Level 18.6 Fighting
 + Level 22.6 Maces & Flails
 + Level 16.4 Armour
 + Level 5.8 Dodging
 + Level 4.4 Stealth
 + Level 1.3 Shields
 + Level 2.8 Evocations


You had 11 spell levels left.
You didn't know any spells.
Your spell library was empty.

Dungeon Overview and Level Annotations

Branches:
Dungeon (1/1)

Altars:
Cheibriados
Dithmenos
Elyvilon
Fedhas
Gozag
Hepliaklqana
Kikubaaqudgha
Makhleb
Nemelex Xobeh
Okawaru
Qazlal
Ru
Sif Muna
Trog
Uskayaw
Vehumet
Wu Jian
Xom
Yredelemnul
Zin
The Shining One
Beogh
Jiyva
Lugonu

Shops:
D *?=(


Innate Abilities, Weirdness & Mutations

You are immune to sickness and miasma.
Your stone body is resilient. (AC +8)
You are immune to poison.
You resist negative energy. (rN+)
You are resistant to electric shocks. (rElec)
You are resistant to unholy torment.
You are immune to petrification.


Message History

The stone giant hits you!
* * * LOW HITPOINT WARNING * * *
Unknown command.
You feel better. The stone giant hits you!!
* * * LOW HITPOINT WARNING * * *
The stone giant hits you but does no damage.
Unknown command.
Blink to where?
Press: ? - help, Dir - move target, f - you, p - stone giant
Okay, then.
As you read the scroll of fear, it crumbles to dust.
You assume a fearsome visage.
The fire dragon looks frightened!
The stone giant looks frightened!
The frost giant resists with almost no effort.
The white ugly thing looks frightened!
The stone giant looks frightened!
Cornered, the white ugly thing turns to fight!
Unknown command.
Unknown command.
Okay, then.
You swap places.
The frost giant is no longer covered in acid.
The stone giant is no longer covered in acid.
Your stone giant hits the stone giant!!!
Your stone giant's attack snaps the stone giant out of its fear.
Cornered, the stone giant turns to fight!
Your stone giant hits the stone giant but does no damage.
The stone giant hits your stone giant!!
You see here a +0 arbalest.
Unknown command.
Your stone giant hits the stone giant!!!
The stone giant dies!
Trog accepts your kill.
The white ugly thing stings your stone giant!
The white ugly thing freezes your stone giant!!
The frost giant gestures at you while chanting.
The bolt of cold hits the white ugly thing!!
The white ugly thing resists.
The bolt of cold hits your stone giant!!
The bolt of cold hits you!
You feel a terrible chill!
You die...

▓÷▓.▓'▓.▓.▓.▓C▓
▓)▓.▓.▓)▓.▓.▓.▓
▓.▓.▓)▓.▓∩▓.▓.▓
▓†▓.▓)▓)▓.▓.▓C▓
▓.▓.▓.▓)▓∩▓.▓u▓
▓.▓.▓.▓.▓.▓.▓C▓
▓.▓.▓.▓.▓∩▓.▓)▓
▓[▓.▓.▓.▓.▓.▓)▓
▓.▓.▓.▓.▓∩▓.▓@▓
▓.▓.▓.▓.▓)▓.▓†▓
▓)▓.▓†▓.▓)▓.▓)▓
▓?▓.▓†▓.▓)▓.▓)▓
▓.▓.▓†▓.▓.▓.▓'▓
▓'▓.▓)▓)▓)▓.▓.▓
▓_▓.▓.▓.▓)▓.▓!▓
▓_▓.▓.▓.▓.▓.▓.▓
▓_▓.▓.▓.▓.▓.▓.▓


You could see a frost giant (ally target), a white ugly thing and a friendly
stone giant (summoned, berserk).

Vanquished Creatures
  A vampire knight (D)
  An ettin (D)
  Josephine (D)
  Harold (D)
  A hydra (D)
  Erica (D)
  2 centaur warriors (D)
  2 orc high priests (D)
  Sonja (D)
  A skeletal warrior (D)
  An orc knight (D)
  An ugly thing (D)
  2 orc sorcerers (D)
  A black mamba (D)
  5 cyclopes (D)
  Maurice (D)
  6 cane toads (D)
  A yaktaur (D)
  3 komodo dragons (D)
  A tengu conjurer (D)
  A troll (D)
  2 polar bears (D)
  2 tyrant leeches (D)
  3 blink frogs (D)
  A slime creature (D)
  A shadow (D)
  A vampire (D)
  5 wraiths (D)
  4 yaks (D)
  A wyvern (D)
  A basilisk (D)
  A vampire mosquito (D)
  A water moccasin (D)
  12 orc warriors (D)
  An ogre (D)
  4 bullfrogs (D)
  6 orc priests (D)
  An iguana (D)
  2 orc wizards (D)
  A white imp (D)
  10 orcs (D)
  A ball python (D)
  A giant cockroach (D)
  A goblin (D)
  A quokka (D)
  A bat (D)
100 creatures vanquished.

Vanquished Creatures (collateral kills)
  A stone giant (D)
  An orc high priest (D)
  2 orc knights (D)
  2 orcs (D)
6 creatures vanquished.

Vanquished Creatures (others)
  A vampire knight (D)
1 creature vanquished.

Grand Total: 107 creatures vanquished

Notes
Turn   | Place    | Note
-------+----------+-------------------------------------------
     0 | D        | mhtbhm the Gargoyle Berserker began the quest for the Orb.
     0 | D        | Reached XP level 1. HP: 14/14 MP: 1/1
     7 | D        | Reached ** piety under Trog
    83 | D        | Noticed an iguana
    83 | D        | Noticed an ogre
    86 | D        | Reached skill level 4 in Maces & Flails
    86 | D        | Reached XP level 2. HP: 20/20 MP: 2/2
    90 | D        | Killed an ogre
    90 | D        | Reached *** piety under Trog
    91 | D        | Reached skill level 6 in Maces & Flails
    91 | D        | Reached XP level 3. HP: 28/28 MP: 3/3
    91 | D        | Reached XP level 4. HP: 32/32 MP: 4/4
    99 | D        | Reached skill level 7 in Maces & Flails
    99 | D        | Reached XP level 5. HP: 38/38 MP: 5/5
   104 | D        | Found a snail-covered altar of Cheibriados.
   104 | D        | Found a shadowy altar of Dithmenos.
   104 | D        | Found a white marble altar of Elyvilon.
   104 | D        | Found a blossoming altar of Fedhas.
   104 | D        | Found an opulent altar of Gozag.
   105 | D        | Found a hazy altar of Hepliaklqana.
   106 | D        | Found a viscous altar of Jiyva.
   107 | D        | Found an ancient bone altar of Kikubaaqudgha.
   108 | D        | Found a corrupted altar of Lugonu.
   109 | D        | Found a burning altar of Makhleb.
   110 | D        | Found a sparkling altar of Nemelex Xobeh.
   111 | D        | Found an iron altar of Okawaru.
   112 | D        | Found a stormy altar of Qazlal.
   113 | D        | Found a sacrificial altar of Ru.
   114 | D        | Found a shimmering blue altar of Sif Muna.
   115 | D        | Found a bloodstained altar of Trog.
   116 | D        | Found a hide-covered altar of Uskayaw.
   117 | D        | Found a radiant altar of Vehumet.
   118 | D        | Found an ornate altar of the Wu Jian Council.
   119 | D        | Found a shimmering altar of Xom.
   120 | D        | Found a basalt altar of Yredelemnul.
   121 | D        | Found a glowing silver altar of Zin.
   122 | D        | Found a glowing golden altar of the Shining One.
   175 | D        | Noticed a yak
   175 | D        | Noticed a yak
   175 | D        | Noticed a shadow
   175 | D        | Noticed a wyvern
   175 | D        | Noticed a yak
   178 | D        | Killed a yak
   178 | D        | Reached **** piety under Trog
   179 | D        | Reached skill level 9 in Maces & Flails
   179 | D        | Reached XP level 6. HP: 45/45 MP: 6/6
   183 | D        | Killed a wyvern
   184 | D        | Reached skill level 10 in Maces & Flails
   188 | D        | Killed a shadow
   189 | D        | Reached skill level 10 in Fighting
   189 | D        | Reached skill level 5 in Armour
   189 | D        | Reached XP level 7. HP: 52/52 MP: 7/7
   194 | D        | Reached skill level 11 in Maces & Flails
   201 | D        | Killed a yak
   207 | D        | Killed a yak
   207 | D        | Reached ***** piety under Trog
   208 | D        | Reached skill level 12 in Maces & Flails
   208 | D        | Reached XP level 8. HP: 31/60 MP: 8/8
   344 | D        | Noticed a troll
   344 | D        | Noticed a vampire
   344 | D        | Noticed a tengu conjurer
   344 | D        | Noticed a centaur warrior
   344 | D        | Noticed a cyclops
   344 | D        | Noticed a cyclops
   350 | D        | Killed a cyclops
   351 | D        | Reached skill level 13 in Maces & Flails
   351 | D        | Reached skill level 5 in Dodging
   356 | D        | Killed a cyclops
   357 | D        | Reached skill level 14 in Maces & Flails
   363 | D        | Killed a centaur warrior
   364 | D        | Reached skill level 15 in Maces & Flails
   364 | D        | Reached XP level 9. HP: 67/67 MP: 9/9
   366 | D        | Killed a tengu conjurer
   374 | D        | Received a gift from Trog
   383 | D        | Killed a troll
   384 | D        | Reached skill level 16 in Maces & Flails
   526 | D        | Got the +5 plate armour "Cypsy" {Harm rC- Str+6}
   543 | D        | Noticed a cane toad
   543 | D        | Noticed a cane toad
   543 | D        | Noticed a cane toad
   543 | D        | Noticed a polar bear
   544 | D        | Noticed an eight-headed hydra
   549 | D        | Killed a polar bear
   551 | D        | Killed a cane toad
   551 | D        | Noticed a komodo dragon
   555 | D        | Noticed a komodo dragon
   557 | D        | Reached XP level 10. HP: 74/74 MP: 10/10
   558 | D        | Received a gift from Trog
   559 | D        | Killed an eight-headed hydra
   560 | D        | Reached skill level 17 in Maces & Flails
   562 | D        | Killed a cane toad
   569 | D        | Killed a cane toad
   575 | D        | Reached skill level 18 in Maces & Flails
   685 | D        | Noticed a black mamba
   690 | D        | Reached ****** piety under Trog
   691 | D        | Reached skill level 15 in Fighting
   691 | D        | Reached skill level 1 in Stealth
   692 | D        | Noticed a cane toad
   698 | D        | Killed a black mamba
   698 | D        | Received a gift from Trog
   701 | D        | Killed a cane toad
   702 | D        | Reached skill level 19 in Maces & Flails
   702 | D        | Reached skill level 10 in Armour
   702 | D        | Reached XP level 11. HP: 82/82 MP: 11/11
   799 | D        | Received a gift from Trog
   902 | D        | Noticed Erica
   902 | D        | Noticed Sonja
   908 | D        | Killed Erica
   909 | D        | Reached skill level 20 in Maces & Flails
   921 | D        | Killed Sonja
   922 | D        | Noticed Josephine
   924 | D        | Received a gift from Trog
   933 | D        | Killed Josephine
   944 | D        | Identified the +11 dire flail "Viuply" {flame, Str+2} (Trog
                  | gifted it to you in the Dungeon)
   944 | D        | Received a gift from Trog
  1205 | D        | Noticed Harold
  1215 | D        | Killed Harold
  1216 | D        | Reached skill level 1 in Evocations
  1504 | D        | Noticed an ettin
  1882 | D        | Killed an ettin
  1883 | D        | Reached skill level 21 in Maces & Flails
  1929 | D        | Received a gift from Trog
  2311 | D        | Noticed an orc sorcerer
  2328 | D        | Received a gift from Trog
  2337 | D        | Killed an orc sorcerer
  2338 | D        | Reached XP level 12. HP: 49/91 MP: 12/12
  2352 | D        | Received a gift from Trog
  2612 | D        | Found Cajukh's Antique Weapon Boutique.
  2612 | D        | Noticed an orc high priest
  2621 | D        | Found Fanwyq's Jewellery Shop.
  2621 | D        | Noticed an orc high priest
  2631 | D        | Killed an orc high priest
  2632 | D        | Found Qyofalel's Magic Scroll Boutique.
  2635 | D        | Received a gift from Trog
  2636 | D        | Found Ypaeffy's Assorted Antiques.
  2641 | D        | Killed an orc high priest
  2642 | D        | Noticed an orc high priest
  2655 | D        | Killed an orc high priest
  2656 | D        | Reached skill level 22 in Maces & Flails
  3006 | D        | Bought an amulet of reflection for 360 gold pieces
  3013 | D        | Bought 3 scrolls of silence for 225 gold pieces
  3013 | D        | Bought a scroll of enchant weapon for 75 gold pieces
  3013 | D        | Bought a scroll of fear for 35 gold pieces
  3013 | D        | Bought a scroll of fear for 35 gold pieces
  3013 | D        | Bought a scroll of fear for 35 gold pieces
  3013 | D        | Bought a scroll of identify for 20 gold pieces
  3013 | D        | Bought a scroll of immolation for 35 gold pieces
  3013 | D        | Bought a scroll of immolation for 35 gold pieces
  3015 | D        | Bought a fizzy pink potion for 18 gold pieces
  3015 | D        | Bought a fizzy pink potion for 18 gold pieces
  3015 | D        | Bought a potion of curing for 63 gold pieces
  3015 | D        | Bought a lumpy brown potion for 18 gold pieces
  3015 | D        | Bought a potion of might for 84 gold pieces
  3017 | D        | Bought a scroll of torment for 75 gold pieces
  3019 | D        | Bought a +6 ring of strength for 702 gold pieces
  3065 | D        | Noticed Maurice
  3088 | D        | Killed Maurice
  3231 | D        | Got the +0 cloak "Iprakan" {Int+4 Dex+6}
  3306 | D        | Noticed a centaur warrior
  3310 | D        | Reached skill level 15 in Armour
  3312 | D        | Killed a centaur warrior
  3312 | D        | Received a gift from Trog
  3313 | D        | Noticed a vampire knight
  3316 | D        | Noticed a stone giant
  3322 | D        | Noticed a frost giant
  3328 | D        | Noticed a vampire knight
  3333 | D        | Noticed a stone giant
  3337 | D        | Killed a vampire knight
  3337 | D        | Identified the +5 morningstar of the Silent Majority
                  | {antimagic, rC+ Dex+4} (Trog gifted it to you in the
                  | Dungeon)
  3337 | D        | Received a gift from Trog
  3337 | D        | Noticed a fire dragon
  3338 | D        | Reached skill level 1 in Shields
  3339 | D        | Paralysed by something for 6 turns
  3341 | D        | Killed a vampire knight
  3350 | D        | Killed a stone giant
  3350 | D        | Killed from afar by a frost giant

Illustrated notes

Levels and vault maps discovered:
D:        linesprint [early_d, line_temple, items_1, d_10, items_2, lair_1,
          lair_end, items_3, orc_1, orc_end, items_4, d_15, swamp_1, shoals_1,
          snake_1, spider_1, d_20, vaults_1, items_5, swamp_end, shoals_end,
          snake_end, spider_end, vaults_end, d_27, items_6, zot_1, zot_end,
          crypt_end, forest_end, elf_end, slime_end, tomb_end, abyss_end,
          pan_hell_end]

Skill      XL: |  1  2  3  4  5  6  7  8  9 10 11 12 |
---------------+-------------------------------------+-----
Fighting       | 4 6 7 8 10 11 12 13 15 17 18 | 18.6
Maces & Flails | 4 6 7 9 10 12 15 16 19 21 22 | 22.6
Dodging        | 2 3 4 5 |  5.8
Armour         | 3 4 5 7 8 10 13 16 | 16.4
Stealth        | 1 2 4 |  4.4
Evocations     | 1 2 |  2.8
Shields        | 1 |  1.3

Action                   |  1- 3 |  4- 6 |  7- 9 | 10-12 || total
-------------------------+-------+-------+-------+-------++-------
Melee: Mace              |    18 |     7 |       |       ||    25
       Dire flail        |       |    11 |    51 |   112 ||   174
       Great mace        |       |       |    12 |    77 ||    89
Invok: Berserk           |     1 |     1 |     2 |     7 ||    11
       Brothers in Arms  |       |       |       |     3 ||     3
Evoke: Wand              |       |       |       |     5 ||     5
  Use: Scroll            |       |       |       |     5 ||     5
       Potion            |       |       |       |     3 ||     3
 Stab: Invisible         |       |       |       |     1 ||     1
Armor: Animal skin       |     3 |     1 |       |       ||     4
       Plate armour      |       |     3 |    30 |    74 ||   107
Dodge: Dodged            |     8 |     5 |    24 |    66 ||   103
Block: Other             |       |       |       |     5 ||     5
       Reflection        |       |       |       |     2 ||     2

Table legend: (Time is in decaauts)
 A = Elapsed time spent in this place.
 B = Non-inter-level travel time spent in this place.
 C = Inter-level travel time spent in this place.
 D = Time resting spent in this place.
 E = Time spent auto-exploring this place.
 F = Levels seen in this place.
 G = Mean time per level.
                   A        B        C        D        E       F      G
               +--------+--------+--------+--------+--------+-----+--------+
         Total |   3359 |   3359 |      0 |   1778 |    369 |   1 | 3359.0 |
       Dungeon |   3359 |   3359 |      0 |   1778 |    369 |   1 | 3359.0 |
               +--------+--------+--------+--------+--------+-----+--------+

Top non-repeatable levels by time:
       D: 3359 daAuts
